 Dungeon Crawl Stone Soup version 0.31-a0-237-g2d982f9f85 (webtiles) character file.

Game seed: 607563298987373335

116 qw the Shooter (level 5, -2/30 HPs)
             Began as a Gargoyle Hexslinger on July 11, 2023.
             Slain by an orc
             ... wielding a +0 short sword
              (3 damage)
             ... on level 3 of the Dungeon.
             The game lasted 00:00:51 (2340 turns).

qw the Shooter (Gargoyle Hexslinger)                Turns: 2340, Time: 00:00:52

Health: -2/30      AC:  9    Str: 12    XL:     5   Next: 1%
Magic:  6/6        EV: 10    Int: 13    God:
Gold:   159        SH:  0    Dex: 14    Spells: 5/6 levels left

rFire   . . .        Y - +1 sling
rCold   + . .        (no shield)
rNeg    + . .        f - +0 ring mail
rPois   inf          (no helmet)
rElec   +            (no cloak)
rCorr   .            (no gloves)
SInv    .            (no boots)
Will    +....        (no amulet)
Stlth   +            d - ring of willpower
HPRegen 0.25/turn    e - ring of protection from cold
MPRegen 0.10/turn

%: no passive effects
@: no status effects
A: sickness immunity, AC +4, negative energy resistance 1, electricity
resistance, torment resistance 1, petrification resistance
a: no special abilities


You were on level 3 of the Dungeon.
You visited 1 branch of the dungeon, and saw 3 of its levels.

You collected 159 gold pieces.


Innate Abilities, Weirdness & Mutations

You are immune to sickness and miasma.
Your stone body is resilient. (AC +4)
You are immune to poison.
You resist negative energy. (rN+)
You are resistant to electric shocks. (rElec)
You are resistant to unholy torment.
You are immune to petrification.


   Skills:
 - Level 2.0 Fighting
 + Level 4.5 Ranged Weapons
 - Level 1.0 Armour
 - Level 1.5 Dodging
 - Level 1.0 Spellcasting
 - Level 2.6 Hexes


You had 5 spell levels left.
You knew the following spells:

 Your Spells              Type           Power      Damage    Failure   Level
a - Slow                  Hex            28%        N/A       22%         1

Your spell library contained the following spells:

 Spells                   Type           Power      Damage    Failure   Level
 Inner Flame              Hex/Fire       4%         N/A       73%         3
 Portal Projectile        Hex/Tloc       8%         N/A       73%         3
 Cause Fear               Hex            3%         N/A       91%         4

Inventory:

Hand Weapons
 Y - a +1 sling (weapon)
Armour
 f - a +0 ring mail (worn)
 j - a +0 pair of boots
Jewellery
 d - a ring of willpower (left hand)
 e - a ring of protection from cold (right hand)
Scrolls
 a - a scroll of identify
 k - a scroll of brand weapon {unknown}
Potions
 b - a potion of attraction {unknown}
 c - a potion of invisibility {unknown}
 g - a potion of lignification {unknown}
 h - a potion of enlightenment {unknown}
 i - 3 potions of curing {unknown}

Dungeon Overview and Level Annotations

Branches:
Dungeon (3/15)

Altars:


Message History

The orc priest casts a cantrip, but nothing happens.
You shoot a sling bullet. The sling bullet hits the orc.
The orc is severely wounded.
The orc hits you but does no damage. The orc priest barely misses you.
The orc hits you but does no damage. The orc closely misses you.
The orc hits you but does no damage.
The orc priest casts a cantrip, but nothing happens.
You shoot a sling bullet. The sling bullet hits the orc.
You kill the orc!
The orc completely misses you.
The orc priest looks encouraged for a moment.
A worm comes into view.
You shoot a sling bullet. The sling bullet hits the orc priest.
The orc priest is moderately wounded.
The orc closely misses you. The orc priest barely misses you.
The hobgoblin barely misses you.
You shoot a sling bullet. The sling bullet hits the orc priest!
The orc priest is severely wounded.
The orc closely misses you.
The orc priest calls down the wrath of Beogh upon you.
Pain shoots through your body!
The hobgoblin hits you but does no damage.
The orc hits you but does no damage.
The hobgoblin hits you but does no damage.
The orc priest hits you but does no damage.
You shoot a sling bullet.
The sling bullet barely misses the orc priest.
The orc hits you but does no damage.
The orc priest invokes the aid of Beogh against you.
Beogh smites you!
Ouch! That really hurt!
The hobgoblin hits you but does no damage.
You shoot a sling bullet. The sling bullet hits the orc priest!
You kill the orc priest!
The orc hits you with a +0 short sword. The hobgoblin closely misses you.
You have reached level 5!
You shoot a sling bullet. The sling bullet barely misses the orc.
The orc closely misses you. The hobgoblin hits you.
The orc hits you with a +0 short sword.
You die...

.........# #...
...####### #. #... ...#
#. #... ...# #.
#######.#. ...## #.
#..)....#. ....# ######.
#.......## ....# ....$..
#.......## ....#
......o########.......##
....#
......g@........).......
....#
......o########.....)..#
....# ......? #......#..
....# ##..... #......###
....# #....w #......#
....# #..... ########
##### #..... #.....


You could see a worm, 2 orcs and a hobgoblin.

Vanquished Creatures
  An orc priest (D:3)
  2 adders (D:2)
  A dart slug (D:1)
  An orc (D:3)
  5 bats
  2 endoplasms (D:2)
  4 giant cockroaches
  4 goblins
  4 hobgoblins
  6 jackals
  9 kobolds
  2 quokkas
  10 ball pythons
  4 frilled lizards
  7 rats
62 creatures vanquished.

Notes
Turn   | Place    | Note
-------+----------+-------------------------------------------
     0 | D:1      | qw the Gargoyle Hexslinger began the quest for the Orb.
     0 | D:1      | Reached XP level 1. HP: 12/12 MP: 2/2
     0 | D:1      | 0 ||| qw: Version: 0.3-a-52-g30416fa
     0 | D:1      | 0 ||| qw: Game counter: 5502
     0 | D:1      | 0 ||| qw: Melee chars always use a shield: true
     0 | D:1      | 0 ||| qw: God list: Okawaru
     0 | D:1      | 0 ||| qw: Allow faded altars: false
     0 | D:1      | 0 ||| qw: Do Orc after clearing Dungeon:15 true
     0 | D:1      | 0 ||| qw: Do second Lair branch before Depths: true
     0 | D:1      | 0 ||| qw: Lair rune preference: random
     0 | D:1      | 0 ||| qw: Goals: Normal
     0 | D:1      | 0 ||| PLANNING D:1-11
   303 | D:1      | Reached XP level 2. HP: 16/16 MP: 3/3
   382 | D:1      | Reached skill level 3 in Ranged Weapons
   549 | D:1      | Reached XP level 3. HP: 21/21 MP: 4/4
   945 | D:1      | 945 ||| UPGRADING to +0 ring mail.
   955 | D:1      | 955 ||| DROPPING +0 robe.
   956 | D:1      | 956 ||| UPGRADING to ring of willpower.
   957 | D:1      | 957 ||| READING 2 scrolls labelled XEHOCI POAPPU.
   958 | D:1      | 958 ||| DROPPING scroll of poison.
  1086 | D:2      | Identified the +6 dagger of Piodey {heavy, rElec rPois rF-
                  | rC-}
  1318 | D:2      | HP: 3/21 [kobold/+0 spear (4)]
  1319 | D:2      | Reached XP level 4. HP: 4/26 MP: 5/5
  1393 | D:2      | 1393 ||| FLEEEEING.
  1396 | D:2      | 1396 ||| FLEEEEING.
  1397 | D:2      | 1397 ||| FLEEEEING.
  1398 | D:2      | 1398 ||| STAIRDANCE
  1407 | D:1      | 1407 ||| UPGRADING to ring of protection from cold.
  1408 | D:1      | 1408 ||| READING scroll labelled HOXKYBBUTHU.
  1513 | D:2      | Reached skill level 4 in Ranged Weapons
  1593 | D:2      | Found a faded altar of an unknown god.
  1937 | D:2      | Reached skill level 1 in Armour
  2338 | D:3      | HP: 4/26 [orc priest/divine providence (15)]
  2340 | D:3      | Reached XP level 5. HP: 4/30 MP: 6/6
  2340 | D:3      | HP: 1/30 [hobgoblin (3)]
  2340 | D:3      | Slain by an orc

Levels and vault maps discovered:
D:1:      dpeg_arrival_signposts, layout_basic
D:2:      minmay_angry_zag, layout_basic, dreamdust_ecumenical_altar_statues,
          minmay_tall_x
D:3:      layout_basic

Skill      XL: |  1  2  3  4 |
---------------+-------------+-----
Ranged Weapons | 3 4 |  4.5
Fighting       | 2 |  2.0
Armour         | 1 |  1.0
Dodging        | |  1.5
Spellcasting   | |  1.0
Hexes          | |  2.6

Action                     |  1- 3 |  4- 6 || total
---------------------------+-------+-------++-------
   Fire: Sling             |   134 |    66 ||   200
    Use: Scroll            |     1 |     1 ||     2
 Armour: Robe              |    12 |       ||    12
         Ring mail         |    41 |    26 ||    67
  Dodge: Dodged            |    56 |    20 ||    76

Table legend:
 A = Non-vault XP
 B = Vault XP
 C = Vault XP percentage of total XP
 D = Non-vault monster count
 E = Vault monster count
 F = Vault count percentage of total count
                 A         B        C        D         E       F
            +---------+---------+-------+---------+---------+-------
      Total |     129 |      38 |  22.8 |      53 |       9 |  14.5
            +---------+---------+-------+---------+---------+-------
        D:1 |      44 |       0 |   0.0 |      27 |       0 |   0.0
        D:2 |      28 |      38 |  57.6 |      16 |       9 |  36.0
        D:3 |      57 |       0 |   0.0 |      10 |       0 |   0.0
            +---------+---------+-------+---------+---------+-------
